 Dungeon Crawl Stone Soup version 0.32-a0-411-g744942f433 (webtiles) character file.

Game seed: 12303623141630431833

3 Bravepunisher the Ducker (level 1, -1/11 HPs)
             Began as a Spriggan Monk on Feb 21, 2024.
             Succumbed to an adder's poison
             ... on level 5 of the Dungeon.
             The game lasted 00:02:17 (330 turns).

Bravepunisher the Ducker (Spriggan Monk)             Turns: 330, Time: 00:02:17

Health: -1/11      AC:  2    Str:  7    XL:     1   Next: 41%
Magic:  2/2        EV: 18    Int: 11    God:
Gold:   19         SH:  4    Dex: 17    Spells: 0/0 levels left

rFire   . . .        a - +0 short sword
rCold   . . .        d - +0 buckler
rNeg    . . .        b - +0 robe
rPois   .            (helmet restricted)
rElec   .            (no cloak)
rCorr   .            (gloves unavailable)
SInv    +            (boots unavailable)
Will    .....        (no amulet)
Stlth   +            (no ring)
HPRegen 0.21/turn    (no ring)
MPRegen 0.08/turn

%: no passive effects
@: lethally poisoned (-1 -> -12), slow
A: very small, no large weapons, unfitting armour, see invisible, speed 3
a: no special abilities


You were on level 5 of the Dungeon.
You visited 1 branch of the dungeon, and saw 5 of its levels.

You collected 19 gold pieces.

Inventory:

Hand Weapons
 a - a +0 short sword (weapon)
Armour
 b - a +0 robe (worn)
 d - a +0 buckler (worn)
Jewellery
 e - a ring of magical power
Potions
 c - a potion of ambrosia


   Skills:
 + Level 2.4 Fighting
 - Level 3.2 Short Blades
 * Level 4.2 Dodging
 + Level 0.1 Shields


You couldn't memorise any spells.
You didn't know any spells.
Your spell library was empty.

Dungeon Overview and Level Annotations

Branches:
Dungeon (5/15)
 Temple: D:4-7

Altars:
Sif Muna
Trog

Shops:
D:4 [


Innate Abilities, Weirdness & Mutations

You are very small and have problems with some larger weapons.
You are too small for most types of armour.
You have supernaturally acute eyesight. (SInv)
You cover ground extremely quickly. (Speed+++)


Message History

There is an open door here.
You open the door.
There is an open door here.
Found Quuco's Armour Shop.
There is an entrance to Quuco's Armour Shop here.
Found a stone staircase leading down.
Found a stone staircase leading up.
An endoplasm comes into view.
An orc priest comes into view. It is wielding a +0 club.
There is a stone staircase leading down here.
You climb downwards.
Found a purple potion.
There is a stone staircase leading up here.
A jackal comes into view.
A white imp and a scorpion come into view.
Found a robe.
The white imp shouts, "Slither home, thou mammering dismal-dreaming gonus!"
The white imp lashes its tail.
Found 8 stones.
The scorpion barely misses you. The white imp gestures at you.
The puff of frost hits you. The scorpion attacks as it pursues you!
The scorpion barely misses you. The white imp misses you.
Found 17 gold pieces.
Found 4 stones. 2 adders come into view.
The adder hisses angrily.
The adder hisses angrily.
A bombardier beetle comes into view.
Why would you want to do that?
You enter the shallow water.
Moving in this stuff is going to be slow.
Found a shortbow.
The adder barely misses you. The adder closely misses you.
Found a scroll labelled DOGAFF QAEHI.
The adder bites you.
You are lethally poisoned!
The adder poisons you! The adder bites you.
* * * LOW HITPOINT WARNING * * *
You are more poisoned.
The adder poisons you! The adder completely misses you.
You die...

#....#..#### #
#..P..P......?P.#
#...P.P(~~~.....#
###..♣~~~≈~.P.P.#
#..~~~≈≈~~≈...#
#.~≈h~≈~~~~~..#
#.~≈5~~≈≈~~BP.#
#..~s~~~~~...)#
#...≈~S~@.....#
#.P.~~~S$..P..#
#.....≈~~♣.PP.#
#P.....♣~...P.#
#...(.P....P.##
##############


You could see a scorpion, a bombardier beetle, 2 adders, a white imp and a
jackal.

Vanquished Creatures
  A bat (D:3)
  A rat (D:2)
2 creatures vanquished.

Notes
Turn   | Place    | Note
-------+----------+-------------------------------------------
     0 | D:1      | Bravepunisher the Spriggan Monk began the quest for the
                  | Orb.
     0 | D:1      | Reached XP level 1. HP: 11/11 MP: 2/2
   229 | D:3      | Found a bloodstained altar of Trog.
   268 | D:4      | Found a shimmering blue altar of Sif Muna.
   292 | D:4      | Found Quuco's Armour Shop.
   304 | D:4      | Noticed an orc priest
   306 | D:5      | Entered Level 5 of the Dungeon
   309 | D:5      | Noticed a scorpion
   326 | D:5      | Noticed a bombardier beetle
   330 | D:5      | Succumbed to an adder's poison

Illustrated notes

Levels and vault maps discovered:
D:1:      tarquinn_simple_flora_water_e, layout_basic, minmay_misc_feat_chi
D:2:      layout_basic
D:3:      cheibrodos_helix_gallery, layout_basic, trog_hazing_becter,
          minmay_randomly_rotated_circles, uniq_grinder
D:4:      layout_basic, mainiacjoe_overflow_24_doors,
          mainiacjoe_overflow_boulevard, serial_shops, shop, minmay_cupped
D:5:      layout_basic, minmay_temple_entry_wispy, serial_shops,
          nicolae_shop_stone, shop, guppyfry_early_lair_pool

Action                     || total
---------------------------++-------
  Melee: Short sword       ||     8
 Armour: Robe              ||     8
  Dodge: Dodged            ||    30
  Block: Buckler           ||     7

Table legend: (Time is in decaauts)
 A = Elapsed time spent in this place.
 B = Non-inter-level travel time spent in this place.
 C = Inter-level travel time spent in this place.
 D = Time resting spent in this place.
 E = Time spent auto-exploring this place.
 F = Levels seen in this place.
 G = Mean time per level.
                   A        B        C        D        E       F      G
               +--------+--------+--------+--------+--------+-----+--------+
         Total |    215 |    208 |      7 |      0 |     32 |   5 |   43.0 |
       Dungeon |    215 |    208 |      7 |      0 |     32 |   5 |   43.0 |
               +--------+--------+--------+--------+--------+-----+--------+

Top non-repeatable levels by time:
     D:2: 72 daAuts
     D:1: 51 daAuts
     D:4: 40 daAuts
     D:3: 36 daAuts
     D:5: 15 daAuts
